Unix NetHack Version 5.0.0-0 post-release - last build Jun 10 2026 00:39:30 (3ee93aec679c4c4259841fe613dc97188e26a321,branch:main).

Game began 2026-07-06 01:04:45, ended 2026-07-06 03:59:08.

Brudee, chaotic female human Rogue

                           -------------          ----------       ----------
                           ..(.........|   0######-........|       |.....{..|
                           |...........-####     #|.....<..|      #.........|
                           ---.---------          |....`...|      @|........|
                                                  --|-------      o----------
                                                    #             ###
                                                    #########       #
                                                            #       #
                                                            ##      #
                                                     --------|------#
                                                     |..........)...#
                                                     |.............|
                                                     |.............|
                                                     |..........>..|
                                                     |.............|
                                                     ---------------

Brudee the Rogue        St:12 Dx:18 Co:16 In:10 Wi:9 Ch:10  Chaotic S:4337
Dlvl:3  $:2753 HP:0(44) Pw:17(17) AC:4  Xp:6/346 T:1124  Stressed

Latest messages:
 The elf zombie just misses!
 In what direction? h
 The dagger hits the elf zombie.
 The elf zombie hits!
 In what direction? h
 You throw 2 daggers.
 The 1st dagger hits the elf zombie.
 The 2nd dagger hits the elf zombie.
 The elf zombie hits!
 In what direction? h
 You throw 2 daggers.
 The 1st dagger hits the elf zombie.
 The 2nd dagger hits the elf zombie.
 The elf zombie misses!
 In what direction? h
 You destroy the elf zombie!
 You have trouble lifting k - 7 +0 daggers (at the ready) (14 in total).
 You hear a door open.
 The hill orc misses!
 In what direction? j
 You throw 2 daggers.
 The 1st dagger hits the hill orc.
 The 2nd dagger hits the hill orc.
 The hill orc just misses!
 In what direction? j
 The dagger hits the hill orc.
 The hill orc hits!
 You hear someone cursing shoplifters.
 In what direction? j
 The dagger hits the hill orc.
 The hill orc hits!
 In what direction? j
 The dagger hits the hill orc.
 The hill orc hits!
 In what direction? j
 The dagger hits the hill orc.
 The hill orc hits!
 What do you want to zap? [tCI or ?*] ?
 Nothing happens.
 The hill orc just misses!
 The hill orc hits!
 You don't have enough stamina to move.
 The hill orc misses!
 Are you sure you want to pray? [yn] (n) y
 You begin praying to Kos.
 The hill orc hits!
 The hill orc hits!
 You die...
 Do you want your possessions identified? [ynq] (y) y
 Do you want to see your attributes? [ynq] (y) q

Inventory:
 Coins    ('$')
  $ - 2753 gold pieces
 Weapons  (')')
  b - a +0 dagger (weapon in right hand)
  k - 8 +0 daggers (at the ready)
 Armor    ('[')
  Q - an uncursed +3 pair of low boots
  p - an uncursed +1 elven mithril-coat (being worn)
 Comestibles  ('%')
  s - an uncursed cram ration
  K - an uncursed pear
  z - an uncursed sprig of wolfsbane
 Scrolls  ('?')
  m - 2 uncursed scrolls of confuse monster
  x - 2 uncursed scrolls of identify
  y - 2 uncursed scrolls of remove curse
 Potions  ('!')
  w - a blessed potion of booze
  v - an uncursed potion of confusion
  E - an uncursed potion of enlightenment
  R - an uncursed potion of extra healing
  N - 2 uncursed potions of fruit juice
  H - a blessed potion of healing
  h - a cursed potion of healing
  l - an uncursed potion of monster detection
  d - 2 uncursed potions of sickness
  D - an uncursed potion of sickness
  J - a blessed potion of sleeping
  i - an uncursed potion of speed
 Rings    ('=')
  O - an uncursed ring of cold resistance
  P - an uncursed ring of fire resistance
  o - a cursed ring of free action
  u - an uncursed +1 ring of gain constitution
  j - an uncursed ring of regeneration
  M - a cursed ring of teleportation
 Wands    ('/')
  t - a wand of sleep (0:4)
  I - a wand of striking (0:7)
  C - a wand of striking (0:0)
 Tools    ('(')
  f - an empty uncursed sack
  e - an uncursed lock pick
  n - an uncursed lock pick
 Gems/Stones  ('*')
  r - a cursed worthless piece of orange glass
  S - a cursed loadstone

Brudee the Rogue's attributes:

Background:
 You were a Rogue, level 6 female human.
 You were chaotic, on a mission for Kos
 who was opposed by Issek (lawful) and Mog (neutral).
 You were right-handed.
 You were in the Dungeons of Doom, on level 3.
 You entered the dungeon 1124 turns ago.
 It was nighttime.
 You had 346 experience points, 294 more were needed to attain level 7.
 Your score was 4337 before end-of-game adjustments.

Basics:
 You had 0 out of 44 hit points.
 You had all 17 energy points (spell power).
 Your armor class was 4.
 Your wallet contained 2753 zorkmids.
 Autopickup was on for '$!=+?/"' plus thrown.

Final Characteristics:
 Your strength was 12 (limit:18/100).
 Your dexterity was 18 (limit:18).
 Your constitution was 16 (limit:18).
 Your intelligence was 10 (limit:18).
 Your wisdom was 9 (limit:18).
 Your charisma was 10 (limit:18).

Final Status:
 You weren't hungry.
 You were stressed; movement was moderately slowed.
 You were wielding a dagger.
 You had basic skill with dagger.

Final Attributes:
 You had sinned.
 You were telepathic.
 You were stealthy.
 You were guarded.
 Your spell casting was impaired by metallic armor.
 You are dead.

Miscellaneous:
 You didn't encounter any bones levels.
 Total elapsed playing time was 44 minutes and 42 seconds.

Major events:
 Turn
    1: Brudee the chaotic female human Rogue entered the dungeon
  360: attained the rank of Cutpurse (level 3)
  623: killed Annootok, the general store proprietor
  987: attained the rank of Rogue (level 6)
 1124: killed by a hill orc, while praying

Spells:
 Name                 Level Category     Fail Retention
 healing                1   healing      100%  76%-100%

Skills:
 Fighting Skills
   bare handed combat [Unskilled]
   two weapon combat  [Unskilled]
   riding             [Unskilled]
 Weapon Skills
   dagger             [Basic]
   knife              [Unskilled]
   short sword        [Basic]
   broadsword         [Unskilled]
   long sword         [Unskilled]
   two-handed sword   [Unskilled]
   saber              [Unskilled]
   club               [Unskilled]
   mace               [Unskilled]
   morning star       [Unskilled]
   flail              [Unskilled]
   hammer             [Unskilled]
   polearms           [Unskilled]
   spear              [Unskilled]
   crossbow           [Unskilled]
   dart               [Unskilled]
   shuriken           [Unskilled]
 Spellcasting Skills
   divination spells  [Unskilled]
   escape spells      [Unskilled]
   matter spells      [Unskilled]

Voluntary challenges:
 Character rerolling was not enabled.
 You never genocided any monsters.
 You never polymorphed an object.
 You never changed form.
 You used no wishes.
Achievements:
 You attained the rank of Cutpurse.
 You entered a shop.
 You attained the rank of Rogue.

 The Dungeons of Doom: levels 1 to 4
    Level 1:
       An altar.
    Level 2:
       A general store, a fountain.
    Level 3: <- You were here.
       A fountain.
       Final resting place for
          you, killed by a hill orc, while praying.
    Level 4:


Vanquished creatures:
  a shopkeeper
  a large mimic
  2 elf zombies
  2 floating eyes
  a homunculus
  a dwarf zombie
  a hobbit
  a large kobold
  a giant rat
  a yellow mold
  2 geckos
  2 jackals
  a fox
  2 kobolds
  3 grid bugs
  a lichen
  a kobold zombie
  a newt
25 creatures vanquished.

No species were genocided or became extinct.

Game over:
                       ----------
                      /          \
                     /    REST    \
                    /      IN      \
                   /     PEACE      \
                  /                  \
                  |      Brudee      |
                  |     2753 Au      |
                  | killed by a hill |
                  |       orc        |
                  |                  |
                  |                  |
                  |       2026       |
                 *|     *  *  *      | *
        _________)/\\_//(\/(/\)/\//\/|_)_______

Goodbye Brudee the Rogue...

You died in The Dungeons of Doom on dungeon level 3 with 4062 points,
and 2753 pieces of gold, after 1124 moves.
You were level 6 with a maximum of 44 hit points when you died.

